PL
ATHLETIC CLUB KC @ BOSTON PATRIOTS
09/13/2025
 
TOP OF THE 1ST
Athletic Club KC batting - Pitching for Boston Patriots : RHP Jorge Aguirre
Pitching: RHP Jorge Aguirre
Batting: SHB David Henderson 0-0: Swinging Strike
0-1: Ball
1-1: Ball
2-1: Called Strike
2-2: Strikes out swinging, 2-3 out at first.
Batting: RHB David Edwards 0-0: Called Strike
0-1: Called Strike
0-2: Ground out 6-3 (Groundball, 6)
Batting: RHB Ramón Souza 0-0: Ball
1-0: Ball
2-0: Ball
3-0: Called Strike
3-1: Base on Balls
Batting: RHB John Downing 0-0: Called Strike
0-1: Foul Ball, location: 2F
0-2: Ball
1-2: Strikes out swinging
Top of the 1st over - 0 run(s), 0 hit(s), 0 error(s), 1 left on base; Athletic Club KC 0 - Boston 0
BOTTOM OF THE 1ST
Boston Patriots batting - Pitching for Athletic Club KC : LHP Vincent Hall
Pitching: LHP Vincent Hall
Batting: RHB Brent Ryan 0-0: Ball
1-0: Ball
2-0: Foul Ball, location: 2F
2-1: Ball
3-1: Foul Ball, location: 2F
3-2: Foul Ball, location: 2F
3-2: Fly out, F8 (Flyball, 8LD)
Batting: LHB Ki-tak Im 0-0: Ball
1-0: Foul Ball, location: 2F
1-1: Swinging Strike
1-2: Ball
2-2: Ball
3-2: Foul Ball, location: 2F
3-2: Foul Ball, location: 2F
3-2: Base on Balls
Batting: RHB Tamasaburo Kato 0-0: Ball
1-0: Foul Ball, location: 2F
1-1: Grounds into double play, 5-4-3 (Groundball, 56)
Bottom of the 1st over - 0 run(s), 0 hit(s), 0 error(s), 0 left on base; Athletic Club KC 0 - Boston 0
TOP OF THE 2ND
Athletic Club KC batting - Pitching for Boston Patriots : RHP Jorge Aguirre
Batting: SHB Pedro Vázquez 0-0: Ball
1-0: Fly out, F7 (Flyball, 7D)
Batting: RHB Jorge Trevino 0-0: Ball
1-0: Called Strike
1-1: Ground out 5-3 (Groundball, 56S)
Batting: LHB Thatcher Douglas 0-0: Ball
1-0: Called Strike
1-1: Foul Ball, location: 2F
1-2: Fly out, F7 (Flyball, 7)
Top of the 2nd over - 0 run(s), 0 hit(s), 0 error(s), 0 left on base; Athletic Club KC 0 - Boston 0
BOTTOM OF THE 2ND
Boston Patriots batting - Pitching for Athletic Club KC : LHP Vincent Hall
Batting: RHB Abílio Conceio 0-0: Ball
1-0: Ball
2-0: Ball
3-0: Called Strike
3-1: Called Strike
3-2: Foul Ball, location: 2F
3-2: Base on Balls
Batting: RHB Tommy Jones 0-0: Foul Ball, location: 2F
0-1: Foul Ball, location: 2F
0-2: Ball
1-2: Fly out, F3 (Popup, 3L)
Batting: RHB Terry Armstrong 0-0: Swinging Strike
0-1: Ball
1-1: Ground out 1-3 (Groundball, 15S)
Abílio Conceio to second
Batting: RHB Ben Ross 0-0: Ball
1-0: Ball
2-0: Foul Ball, location: 2F
2-1: Ground out 2-3 (Groundball, 2R)
Bottom of the 2nd over - 0 run(s), 0 hit(s), 0 error(s), 1 left on base; Athletic Club KC 0 - Boston 0
TOP OF THE 3RD
Athletic Club KC batting - Pitching for Boston Patriots : RHP Jorge Aguirre
Batting: RHB Dao-zi Dai 0-0: Called Strike
0-1: Called Strike
0-2: Ball
1-2: Foul Ball, location: 2F
1-2: Foul Ball, location: 2F
1-2: Fly out, F9 (Flyball, 9S)
Batting: RHB Harry Fuller 0-0: Foul Ball, location: 2F
0-1: Ball
1-1: Foul Ball, location: 2F
1-2: Ball
2-2: Ball
3-2: Strikes out looking
Batting: SHB David Henderson 0-0: Ball
1-0: Swinging Strike
1-1: Foul Ball, location: 2F
1-2: Ball
2-2: Ball
3-2: Fly out, F7 (Flyball, 7)
Top of the 3rd over - 0 run(s), 0 hit(s), 0 error(s), 0 left on base; Athletic Club KC 0 - Boston 0
BOTTOM OF THE 3RD
Boston Patriots batting - Pitching for Athletic Club KC : LHP Vincent Hall
Batting: RHB Miguel Márquez 0-0: Swinging Strike
0-1: Swinging Strike
0-2: Ball
1-2: Strikes out looking
Batting: RHB Karl Schultz 0-0: Ball
1-0: Ball
2-0: Called Strike
2-1: Ball
3-1: Ground out 6-3 (Groundball, 6)
Batting: RHB Brent Ryan 0-0: Ball
1-0: Ball
2-0: Called Strike
2-1: Ball
3-1: Hit by Pitch
Batting: LHB Ki-tak Im 0-0: SINGLE (Groundball, 34S) (infield hit)
Brent Ryan to second
Batting: RHB Tamasaburo Kato 0-0: Swinging Strike
0-1: Foul Ball, location: 2F
0-2: Ball
Wild Pitch!
Brent Ryan to third
Ki-tak Im to second
1-2: Ball
2-2: Foul Ball, location: 2F
2-2: Ground out 6-3 (Groundball, 6)
Bottom of the 3rd over - 0 run(s), 1 hit(s), 0 error(s), 2 left on base; Athletic Club KC 0 - Boston 0
TOP OF THE 4TH
Athletic Club KC batting - Pitching for Boston Patriots : RHP Jorge Aguirre
Batting: RHB David Edwards 0-0: Called Strike
0-1: Called Strike
0-2: Ball
1-2: Ball
2-2: Foul Ball, location: 2F
2-2: Ground out 3-1 (Groundball, 34)
Batting: RHB Ramón Souza 0-0: Ball
1-0: Swinging Strike
1-1: Swinging Strike
1-2: Foul Ball, location: 2F
1-2: Ball
2-2: Ball
3-2: Foul Ball, location: 2F
3-2: Base on Balls
Batting: RHB John Downing 0-0: Foul Ball, location: 2F
0-1: Foul Ball, location: 2F
0-2: Foul Ball, location: 2F
0-2: Ball
1-2: Foul Ball, location: 2F
1-2: Strikes out swinging
Batting: SHB Pedro Vázquez 0-0: Ball
1-0: Ball
2-0: Called Strike
2-1: Ball
3-1: Foul Ball, location: 2F
3-2: Fly out, F8 (Flyball, 89S)
Top of the 4th over - 0 run(s), 0 hit(s), 0 error(s), 1 left on base; Athletic Club KC 0 - Boston 0
BOTTOM OF THE 4TH
Boston Patriots batting - Pitching for Athletic Club KC : LHP Vincent Hall
Batting: RHB Abílio Conceio 0-0: Ball
1-0: Ground out 5-3 (Groundball, 56S)
Batting: RHB Tommy Jones 0-0: Ball
1-0: Ball
2-0: DOUBLE (Line Drive, 8LXD)
Batting: RHB Terry Armstrong 0-0: Ball
1-0: SINGLE (Groundball, 56D)
Tommy Jones to third
Runner from 3rd tries for Home, SAFE, throw made home
Batting: RHB Ben Ross 0-0: Ball
1-0: Ball
2-0: Foul Ball, location: 2F
2-1: Called Strike
2-2: Strikes out swinging
Batting: RHB Miguel Márquez 0-0: Ball
1-0: Swinging Strike
1-1: Foul Ball, location: 2F
1-2: Ball
2-2: Foul Ball, location: 2F
2-2: Foul Ball, location: 2F
2-2: Ball
3-2: Ground out 6-3 (Groundball, 6)
Bottom of the 4th over - 1 run(s), 2 hit(s), 0 error(s), 1 left on base; Athletic Club KC 0 - Boston 1
TOP OF THE 5TH
Athletic Club KC batting - Pitching for Boston Patriots : RHP Jorge Aguirre
Batting: RHB Jorge Trevino 0-0: Ball
1-0: Ground out 6-3 (Groundball, 56)
Batting: LHB Thatcher Douglas 0-0: SINGLE (Line Drive, 78S)
Batting: RHB Dao-zi Dai 0-0: Ball
1-0: Foul Ball, location: 2F
1-1: Ball
2-1: Swinging Strike
2-2: Ball
3-2: Fly out, F9 (Line Drive, 9)
Batting: RHB Harry Fuller 0-0: Ball
1-0: Ball
2-0: Foul Ball, location: 2F
2-1: Called Strike
2-2: Ball
3-2: Foul Ball, location: 2F
3-2: Ground out 4-3 (Groundball, 4)
Top of the 5th over - 0 run(s), 1 hit(s), 0 error(s), 1 left on base; Athletic Club KC 0 - Boston 1
BOTTOM OF THE 5TH
Boston Patriots batting - Pitching for Athletic Club KC : LHP Vincent Hall
Batting: RHB Karl Schultz 0-0: Swinging Strike
0-1: Ground out 5-3 (Groundball, 56)
Batting: RHB Brent Ryan 0-0: Ball
1-0: SINGLE (Line Drive, 56D)
Batting: LHB Ki-tak Im 0-0: Called Strike
0-1: Foul Ball, location: 2F
0-2: Fly out, F4 (Line Drive, 4)
Batting: RHB Tamasaburo Kato 0-0: Called Strike
0-1: Called Strike
0-2: Ball
1-2: Foul Ball, location: 2F
1-2: Foul Ball, location: 2F
1-2: Ball
2-2: Ball
Brent Ryan steals 2nd base
3-2: Foul Ball, location: 2F
3-2: SINGLE (Groundball, 56D)
Brent Ryan to third
Brent Ryan scores
Batting: RHB Abílio Conceio 0-0: Foul Ball, location: 2F
0-1: Fly out, F7 (Flyball, 7)
Bottom of the 5th over - 1 run(s), 2 hit(s), 0 error(s), 1 left on base; Athletic Club KC 0 - Boston 2
TOP OF THE 6TH
Athletic Club KC batting - Pitching for Boston Patriots : RHP Jorge Aguirre
Batting: SHB David Henderson 0-0: Ball
1-0: Called Strike
1-1: Foul Ball, location: 2F
1-2: Ball
2-2: Strikes out swinging
Batting: RHB David Edwards 0-0: SINGLE (Line Drive, 89S)
Batting: RHB Ramón Souza 0-0: Ball
1-0: Ball
2-0: Called Strike
2-1: Ball
3-1: Foul Ball, location: 2F
3-2: Fly out, F9 (Flyball, 9S)
Batting: RHB John Downing 0-0: Ball
1-0: Ball
2-0: SINGLE (Line Drive, 8LS)
David Edwards to second
Pitching: RHP Kyung-un Yi
Batting: SHB Pedro Vázquez 0-0: Ball
1-0: Fly out, F7 (Flyball, 78S)
Top of the 6th over - 0 run(s), 2 hit(s), 0 error(s), 2 left on base; Athletic Club KC 0 - Boston 2
BOTTOM OF THE 6TH
Boston Patriots batting - Pitching for Athletic Club KC : LHP Vincent Hall
Batting: RHB Tommy Jones 0-0: Ball
1-0: Ball
2-0: Ball
3-0: Called Strike
3-1: Fly out, F3 (Popup, 3L)
Batting: RHB Terry Armstrong 0-0: Called Strike
0-1: Ball
1-1: Ball
2-1: Fly out, F7 (Flyball, 78M)
Batting: RHB Ben Ross 0-0: Ball
1-0: Ball
2-0: Ground out 4-3 (Groundball, 4)
Bottom of the 6th over - 0 run(s), 0 hit(s), 0 error(s), 0 left on base; Athletic Club KC 0 - Boston 2
TOP OF THE 7TH
Athletic Club KC batting - Pitching for Boston Patriots : RHP Kyung-un Yi
Batting: RHB Jorge Trevino 0-0: SINGLE (Line Drive, 89S)
Batting: LHB Thatcher Douglas 0-0: Called Strike
0-1: Ball
1-1: Foul Ball, location: 2F
1-2: Foul Ball, location: 2F
1-2: Ball
2-2: SINGLE (Groundball, 34D)
Jorge Trevino to second
Runner from 2nd tries for 3rd, SAFE, throw made to third
Batting: RHB Dao-zi Dai 0-0: Ball
1-0: DOUBLE (Line Drive, 9LS)
Jorge Trevino scores
Thatcher Douglas to third
Runner from 3rd tries for Home, throw and OUT!
Pinch Hitting: RHB Todd Blake 0-0: Foul Ball, location: 2F
0-1: Ball
1-1: Ball
2-1: Fly out, F8 (Flyball, 8RXD)
Runner from 2nd tags up, SAFE at 3rd, no throw
Batting: SHB David Henderson 0-0: Called Strike
0-1: Ground out 4-3 (Groundball, 4M)
Top of the 7th over - 1 run(s), 3 hit(s), 0 error(s), 1 left on base; Athletic Club KC 1 - Boston 2
BOTTOM OF THE 7TH
Boston Patriots batting - Pitching for Athletic Club KC : LHP Vincent Hall
Now at SS: Michael Walker
Batting: RHB Miguel Márquez 0-0: Ball
1-0: Ball
2-0: Called Strike
2-1: Foul Ball, location: 2F
2-2: Ball
3-2: Strikes out looking
Pitching: RHP Ole Kos
Batting: RHB Karl Schultz 0-0: Fly out, F9 (Flyball, 89M)
Batting: RHB Brent Ryan 0-0: Foul Ball, location: 2F
0-1: Called Strike
0-2: Ball
1-2: Ball
2-2: Strikes out swinging
Bottom of the 7th over - 0 run(s), 0 hit(s), 0 error(s), 0 left on base; Athletic Club KC 1 - Boston 2
TOP OF THE 8TH
Athletic Club KC batting - Pitching for Boston Patriots : RHP Kyung-un Yi
Pitching: RHP Pancho Padilla
Batting: RHB David Edwards 0-0: Ball
1-0: Swinging Strike
1-1: Foul Ball, location: 2F
1-2: Strikes out looking
Batting: RHB Ramón Souza 0-0: Called Strike
0-1: Called Strike
0-2: Strikes out swinging
Batting: RHB John Downing 0-0: Called Strike
0-1: Ball
1-1: Foul Ball, location: 2F
1-2: Strikes out swinging
Top of the 8th over - 0 run(s), 0 hit(s), 0 error(s), 0 left on base; Athletic Club KC 1 - Boston 2
BOTTOM OF THE 8TH
Boston Patriots batting - Pitching for Athletic Club KC : RHP Ole Kos
Batting: LHB Ki-tak Im 0-0: Ball
1-0: Ground out 5-3 (Groundball, 56S)
Batting: RHB Tamasaburo Kato 0-0: Ball
1-0: Called Strike
1-1: Ball
2-1: Foul Ball, location: 2F
2-2: Foul Ball, location: 2F
2-2: Strikes out looking
Batting: RHB Abílio Conceio 0-0: Ball
1-0: Called Strike
1-1: Foul Ball, location: 2F
1-2: Ball
2-2: Foul Ball, location: 2F
2-2: Foul Ball, location: 2F
2-2: Fly out, F8 (Flyball, 8LM)
Bottom of the 8th over - 0 run(s), 0 hit(s), 0 error(s), 0 left on base; Athletic Club KC 1 - Boston 2
TOP OF THE 9TH
Athletic Club KC batting - Pitching for Boston Patriots : RHP Pancho Padilla
Pitching: LHP Jesús Caldero
Batting: SHB Pedro Vázquez 0-0: Called Strike
0-1: Ball
1-1: Swinging Strike
1-2: Ground out 6-3 (Groundball, 6)
Batting: RHB Jorge Trevino 0-0: Called Strike
0-1: Called Strike
0-2: Ball
1-2: Strikes out swinging
Pinch Hitting: RHB Rick Atkinson 0-0: Ground out 6-3 (Groundball, 6)
Top of the 9th over - 0 run(s), 0 hit(s), 0 error(s), 0 left on base; Athletic Club KC 1 - Boston 2
Friday, December 30th, 2016 - OOTP Baseball 17.12 Build 75